Workbook

Sheet 判定
A1: 法定調書を出す範囲の判定 | F1: 黄色の列だけ入力。赤い行は提出が要る
A2: 支払先 | B2: 区分 | C2: 年間支払額（税込） | D2: うち消費税（区分されている額） | E2: 相手は法人か | F2: 判定に使う額 | G2: この額を超えたら | H2: 提出 | I2: 見るところ
A3: 青木税理士事務所 | B3: 報酬 弁護士・税理士等 | C3: 52800 | D3: 4800 | E3: いいえ | F3: =IF($C3="","",$C3-IF($D3="",0,$D3)) | G3: =IF($B3="","",VLOOKUP($B3,基準!$A$3:$C$24,2,FALSE)) | H3: =IF(OR($B3="",$C3=""),"",IF($F3>$G3,"要る","要らない")) | I3: =IF($B3="","",IF(AND($B3="不動産の使用料等",$E3="はい"),"法人へは賃借料を除いて判定する",VLOOKUP($B3,基準!$A$3:$C$24,3,FALSE)))
A4: 青木税理士事務所（税込のみ） | B4: 報酬 弁護士・税理士等 | C4: 52800 | E4: いいえ | F4: =IF($C4="","",$C4-IF($D4="",0,$D4)) | G4: =IF($B4="","",VLOOKUP($B4,基準!$A$3:$C$24,2,FALSE)) | H4: =IF(OR($B4="",$C4=""),"",IF($F4>$G4,"要る","要らない")) | I4: =IF($B4="","",IF(AND($B4="不動産の使用料等",$E4="はい"),"法人へは賃借料を除いて判定する",VLOOKUP($B4,基準!$A$3:$C$24,3,FALSE)))
A5: 北川デザイン | B5: 報酬 弁護士・税理士等 | C5: 44000 | D5: 4000 | E5: いいえ | F5: =IF($C5="","",$C5-IF($D5="",0,$D5)) | G5: =IF($B5="","",VLOOKUP($B5,基準!$A$3:$C$24,2,FALSE)) | H5: =IF(OR($B5="",$C5=""),"",IF($F5>$G5,"要る","要らない")) | I5: =IF($B5="","",IF(AND($B5="不動産の使用料等",$E5="はい"),"法人へは賃借料を除いて判定する",VLOOKUP($B5,基準!$A$3:$C$24,3,FALSE)))
A6: 山田（役員・年調あり） | B6: 給与 年末調整あり 役員 | C6: 1560000 | E6: いいえ | F6: =IF($C6="","",$C6-IF($D6="",0,$D6)) | G6: =IF($B6="","",VLOOKUP($B6,基準!$A$3:$C$24,2,FALSE)) | H6: =IF(OR($B6="",$C6=""),"",IF($F6>$G6,"要る","要らない")) | I6: =IF($B6="","",IF(AND($B6="不動産の使用料等",$E6="はい"),"法人へは賃借料を除いて判定する",VLOOKUP($B6,基準!$A$3:$C$24,3,FALSE)))
A7: 佐藤（年調あり） | B7: 給与 年末調整あり その他 | C7: 4800000 | E7: いいえ | F7: =IF($C7="","",$C7-IF($D7="",0,$D7)) | G7: =IF($B7="","",VLOOKUP($B7,基準!$A$3:$C$24,2,FALSE)) | H7: =IF(OR($B7="",$C7=""),"",IF($F7>$G7,"要る","要らない")) | I7: =IF($B7="","",IF(AND($B7="不動産の使用料等",$E7="はい"),"法人へは賃借料を除いて判定する",VLOOKUP($B7,基準!$A$3:$C$24,3,FALSE)))
A8: 霞不動産（法人） | B8: 不動産の使用料等 | C8: 1200000 | E8: はい | F8: =IF($C8="","",$C8-IF($D8="",0,$D8)) | G8: =IF($B8="","",VLOOKUP($B8,基準!$A$3:$C$24,2,FALSE)) | H8: =IF(OR($B8="",$C8=""),"",IF($F8>$G8,"要る","要らない")) | I8: =IF($B8="","",IF(AND($B8="不動産の使用料等",$E8="はい"),"法人へは賃借料を除いて判定する",VLOOKUP($B8,基準!$A$3:$C$24,3,FALSE)))
A9: 南田（個人の大家） | B9: 不動産の使用料等 | C9: 1200000 | E9: いいえ | F9: =IF($C9="","",$C9-IF($D9="",0,$D9)) | G9: =IF($B9="","",VLOOKUP($B9,基準!$A$3:$C$24,2,FALSE)) | H9: =IF(OR($B9="",$C9=""),"",IF($F9>$G9,"要る","要らない")) | I9: =IF($B9="","",IF(AND($B9="不動産の使用料等",$E9="はい"),"法人へは賃借料を除いて判定する",VLOOKUP($B9,基準!$A$3:$C$24,3,FALSE)))
F10: =IF($C10="","",$C10-IF($D10="",0,$D10)) | G10: =IF($B10="","",VLOOKUP($B10,基準!$A$3:$C$24,2,FALSE)) | H10: =IF(OR($B10="",$C10=""),"",IF($F10>$G10,"要る","要らない")) | I10: =IF($B10="","",IF(AND($B10="不動産の使用料等",$E10="はい"),"法人へは賃借料を除いて判定する",VLOOKUP($B10,基準!$A$3:$C$24,3,FALSE)))
F11: =IF($C11="","",$C11-IF($D11="",0,$D11)) | G11: =IF($B11="","",VLOOKUP($B11,基準!$A$3:$C$24,2,FALSE)) | H11: =IF(OR($B11="",$C11=""),"",IF($F11>$G11,"要る","要らない")) | I11: =IF($B11="","",IF(AND($B11="不動産の使用料等",$E11="はい"),"法人へは賃借料を除いて判定する",VLOOKUP($B11,基準!$A$3:$C$24,3,FALSE)))
F12: =IF($C12="","",$C12-IF($D12="",0,$D12)) | G12: =IF($B12="","",VLOOKUP($B12,基準!$A$3:$C$24,2,FALSE)) | H12: =IF(OR($B12="",$C12=""),"",IF($F12>$G12,"要る","要らない")) | I12: =IF($B12="","",IF(AND($B12="不動産の使用料等",$E12="はい"),"法人へは賃借料を除いて判定する",VLOOKUP($B12,基準!$A$3:$C$24,3,FALSE)))
F13: =IF($C13="","",$C13-IF($D13="",0,$D13)) | G13: =IF($B13="","",VLOOKUP($B13,基準!$A$3:$C$24,2,FALSE)) | H13: =IF(OR($B13="",$C13=""),"",IF($F13>$G13,"要る","要らない")) | I13: =IF($B13="","",IF(AND($B13="不動産の使用料等",$E13="はい"),"法人へは賃借料を除いて判定する",VLOOKUP($B13,基準!$A$3:$C$24,3,FALSE)))
F14: =IF($C14="","",$C14-IF($D14="",0,$D14)) | G14: =IF($B14="","",VLOOKUP($B14,基準!$A$3:$C$24,2,FALSE)) | H14: =IF(OR($B14="",$C14=""),"",IF($F14>$G14,"要る","要らない")) | I14: =IF($B14="","",IF(AND($B14="不動産の使用料等",$E14="はい"),"法人へは賃借料を除いて判定する",VLOOKUP($B14,基準!$A$3:$C$24,3,FALSE)))
F15: =IF($C15="","",$C15-IF($D15="",0,$D15)) | G15: =IF($B15="","",VLOOKUP($B15,基準!$A$3:$C$24,2,FALSE)) | H15: =IF(OR($B15="",$C15=""),"",IF($F15>$G15,"要る","要らない")) | I15: =IF($B15="","",IF(AND($B15="不動産の使用料等",$E15="はい"),"法人へは賃借料を除いて判定する",VLOOKUP($B15,基準!$A$3:$C$24,3,FALSE)))
F16: =IF($C16="","",$C16-IF($D16="",0,$D16)) | G16: =IF($B16="","",VLOOKUP($B16,基準!$A$3:$C$24,2,FALSE)) | H16: =IF(OR($B16="",$C16=""),"",IF($F16>$G16,"要る","要らない")) | I16: =IF($B16="","",IF(AND($B16="不動産の使用料等",$E16="はい"),"法人へは賃借料を除いて判定する",VLOOKUP($B16,基準!$A$3:$C$24,3,FALSE)))
F17: =IF($C17="","",$C17-IF($D17="",0,$D17)) | G17: =IF($B17="","",VLOOKUP($B17,基準!$A$3:$C$24,2,FALSE)) | H17: =IF(OR($B17="",$C17=""),"",IF($F17>$G17,"要る","要らない")) | I17: =IF($B17="","",IF(AND($B17="不動産の使用料等",$E17="はい"),"法人へは賃借料を除いて判定する",VLOOKUP($B17,基準!$A$3:$C$24,3,FALSE)))
F18: =IF($C18="","",$C18-IF($D18="",0,$D18)) | G18: =IF($B18="","",VLOOKUP($B18,基準!$A$3:$C$24,2,FALSE)) | H18: =IF(OR($B18="",$C18=""),"",IF($F18>$G18,"要る","要らない")) | I18: =IF($B18="","",IF(AND($B18="不動産の使用料等",$E18="はい"),"法人へは賃借料を除いて判定する",VLOOKUP($B18,基準!$A$3:$C$24,3,FALSE)))
F19: =IF($C19="","",$C19-IF($D19="",0,$D19)) | G19: =IF($B19="","",VLOOKUP($B19,基準!$A$3:$C$24,2,FALSE)) | H19: =IF(OR($B19="",$C19=""),"",IF($F19>$G19,"要る","要らない")) | I19: =IF($B19="","",IF(AND($B19="不動産の使用料等",$E19="はい"),"法人へは賃借料を除いて判定する",VLOOKUP($B19,基準!$A$3:$C$24,3,FALSE)))
F20: =IF($C20="","",$C20-IF($D20="",0,$D20)) | G20: =IF($B20="","",VLOOKUP($B20,基準!$A$3:$C$24,2,FALSE)) | H20: =IF(OR($B20="",$C20=""),"",IF($F20>$G20,"要る","要らない")) | I20: =IF($B20="","",IF(AND($B20="不動産の使用料等",$E20="はい"),"法人へは賃借料を除いて判定する",VLOOKUP($B20,基準!$A$3:$C$24,3,FALSE)))
F21: =IF($C21="","",$C21-IF($D21="",0,$D21)) | G21: =IF($B21="","",VLOOKUP($B21,基準!$A$3:$C$24,2,FALSE)) | H21: =IF(OR($B21="",$C21=""),"",IF($F21>$G21,"要る","要らない")) | I21: =IF($B21="","",IF(AND($B21="不動産の使用料等",$E21="はい"),"法人へは賃借料を除いて判定する",VLOOKUP($B21,基準!$A$3:$C$24,3,FALSE)))
... F302: =IF($C302="","",$C302-IF($D302="",0,$D302)) | G302: =IF($B302="","",VLOOKUP($B302,基準!$A$3:$C$24,2,FALSE)) | H302: =IF(OR($B302="",$C302=""),"",IF($F302>$G302,"要る","要らない")) | I302: =IF($B302="","",IF(AND($B302="不動産の使用料等",$E302="はい"),"法人へは賃借料を除いて判定する",VLOOKUP($B302,基準!$A$3:$C$24,3,FALSE)))

Sheet 基準
A1: 区分ごとの金額基準 | D1: 国税庁タックスアンサー No.7411・7431・7441・7442・7443（2026年9月21日に確認）
A2: 区分 | B2: この額を超えたら提出 | C2: メモ
A3: 給与 年末調整あり 役員 | B3: 1500000 | C3: 法人の役員
A4: 給与 年末調整あり 弁護士等 | B4: 2500000 | C4: 弁護士・司法書士・税理士等
A5: 給与 年末調整あり その他 | B5: 5000000 | C5: 上の2つ以外
A6: 給与 年末調整なし 退職者 | B6: 2500000 | C6: 扶養控除等申告書を出していた人。役員は50万円超
A7: 給与 年末調整なし 役員の退職者 | B7: 500000 | C7: 扶養控除等申告書を出していた役員
A8: 給与 年末調整なし 乙欄・丙欄 | B8: 500000 | C8: 扶養控除等申告書を出していない人
A9: 報酬 弁護士・税理士等 | B9: 50000 | C9: 所得税法204条1項の報酬・料金
A10: 報酬 プロ野球選手等 | B10: 50000 | C10: 契約金を含む
A11: 報酬 外交員・ホステス等 | B11: 500000 | C11: 賞金を含む
A12: 報酬 診療報酬 | B12: 500000 | C12: 社会保険診療報酬支払基金が支払うもの
A13: 不動産の使用料等 | B13: 150000 | C13: 法人へは賃借料を除く権利金・更新料等だけが対象
A14: 不動産等の譲受けの対価 | B14: 1000000 | C14: 譲り受けた不動産等の対価
A15: あっせん手数料 | B15: 150000 | C15: 不動産等の売買・貸付けのあっせん手数料
A18: 馬主への競馬の賞金は1回75万円を超える支払があった場合、その年中の全部が対象になる。
A19: 主たる給与の収入が2,000万円を超えて年末調整をしなかった人は、金額にかかわらず提出する。

Sheet 枚数
A1: e-Taxなどで出さないといけないか | D1: 種類ごとに、前々年に出すべきだった枚数で決まる
A2: 法定調書の種類 | B2: 前々年に出すべきだった枚数 | C2: 令和9年1月以後 | D2: 令和8年12月まで
A3: 給与所得の源泉徴収票 | B3: 42 | C3: =IF($B3="","",IF($B3>=30,"e-Taxなどで出す","紙でもよい")) | D3: =IF($B3="","",IF($B3>=100,"e-Taxなどで出す","紙でもよい"))
A4: 退職所得の源泉徴収票 | B4: 3 | C4: =IF($B4="","",IF($B4>=30,"e-Taxなどで出す","紙でもよい")) | D4: =IF($B4="","",IF($B4>=100,"e-Taxなどで出す","紙でもよい"))
A5: 報酬、料金、契約金及び賞金の支払調書 | B5: 35 | C5: =IF($B5="","",IF($B5>=30,"e-Taxなどで出す","紙でもよい")) | D5: =IF($B5="","",IF($B5>=100,"e-Taxなどで出す","紙でもよい"))
A6: 不動産の使用料等の支払調書 | B6: 12 | C6: =IF($B6="","",IF($B6>=30,"e-Taxなどで出す","紙でもよい")) | D6: =IF($B6="","",IF($B6>=100,"e-Taxなどで出す","紙でもよい"))
A7: 不動産等の譲受けの対価の支払調書 | B7: 0 | C7: =IF($B7="","",IF($B7>=30,"e-Taxなどで出す","紙でもよい")) | D7: =IF($B7="","",IF($B7>=100,"e-Taxなどで出す","紙でもよい"))
A8: 不動産等の売買又は貸付けのあっせん手数料の支払調書 | B8: 0 | C8: =IF($B8="","",IF($B8>=30,"e-Taxなどで出す","紙でもよい")) | D8: =IF($B8="","",IF($B8>=100,"e-Taxなどで出す","紙でもよい"))
A11: 提出期限
A12: 対象の年 | B12: 2026
A13: 本来の期限 | B13: =DATE($B$12+1,1,31)
A14: 休日でずれた期限 | B14: =WORKDAY($B$13-1,1,休日!$A$3:$A$200) | C14: ← 日曜・祝日・土曜と12月29日から31日は国税の休み

Sheet 休日
A1: 国税の期限で休みになる日 | C1: 国税通則法第10条第2項と同法施行令第2条第2項。祝日は内閣府の公表データ
A2: 日付 | B2: 内容
A3: 45658 | B3: 元日
A4: 45670 | B4: 成人の日 | D4: 土曜と日曜は式で見ている。1月1日は元日なので祝日の一覧に入っている。
A5: 45699 | B5: 建国記念の日
A6: 45711 | B6: 天皇誕生日
A7: 45712 | B7: 休日
A8: 45736 | B8: 春分の日
A9: 45776 | B9: 昭和の日
A10: 45780 | B10: 憲法記念日
A11: 45781 | B11: みどりの日
A12: 45782 | B12: こどもの日
A13: 45783 | B13: 休日
A14: 45859 | B14: 海の日
A15: 45880 | B15: 山の日
A16: 45915 | B16: 敬老の日
... A65: 46752 | B65: 年末

Sheet 使い方
A1: 法定調書を出す前に決めること
A3: 提出期限は、支払の確定した日の属する年の翌年1月31日。休みに当たったら翌開庁日になる。
A4: 法定調書を出すときは「給与所得の源泉徴収票等の法定調書合計表」を一緒に出す。
A6: 金額の基準は「超える」かどうかで見る。ちょうど5万円は提出範囲に入らない。
A7: 消費税は原則として含めて判断するが、消費税の額が明確に区分されているなら含めないで判断してよい。
A8: 税込52,800円でも、本体48,000円と消費税4,800円が分かれていれば、48,000円で判定できる。
A9: 同じ金額でも請求書の書き方で結論が変わるので、区分されているかどうかを先に見る。
A11: 不動産の使用料等は、相手が法人なら賃借料を除いた権利金や更新料だけが対象になる。
A12: 法人に家賃だけを払っているなら、金額がいくらでも支払調書は要らない。
A14: 令和9年1月1日以後は、種類ごとに前々年の枚数が30枚以上ならe-Taxなどで出す。それまでは100枚以上。
A15: 令和9年1月1日以後は、市区町村に給与支払報告書を出せば、税務署への給与所得の源泉徴収票は要らなくなる。
A16: ただし受給者に渡す源泉徴収票は、これまでどおり全員に作って渡す。
A18: 税務署に出す法定調書にはマイナンバーを書く。受給者に渡す写しには書かない。
